 Dungeon Crawl Stone Soup version 0.31-a0-1-g4198be8af4 (webtiles) character file.

Game seed: 17209883150346324997

1288 ytrimaz the Carver (level 8, -1/54 HPs)
             Began as an Octopode Gladiator on May 2, 2023.
             Engulfed by a steam dragon's steam (13 damage)
             ... on level 5 of the Dungeon.
             The game lasted 00:05:17 (5379 turns).

ytrimaz the Carver (Octopode Gladiator)             Turns: 5379, Time: 00:05:17

Health: -1/54      AC:  5    Str: 14    XL:     8   Next: 55%
Magic:  8/8        EV: 15    Int: 10    God:
Gold:   334        SH:  5    Dex: 15    Spells: 7/7 levels left

rFire   . . .        a - +1 long sword
rCold   . . .        (no shield)
rNeg    . . .        b - +0 hat
rPois   .            p - amulet of reflection
rElec   .            h - ring of see invisible
rCorr   .            m - ring of willpower
SInv    +            A - +4 ring of protection
Will    +....        (no ring)
Stlth   ++           (no ring)
HPRegen 0.29/turn    (no ring)
MPRegen 0.11/turn    (no ring)
                     (no ring)

%: reflection
@: no status effects
A: almost no armour, amphibious, 8 rings, camouflage 1, gelatinous body 1,
(nimble swimmer 1), tentacles
a: no special abilities


You were on level 5 of the Dungeon.
You visited 1 branch of the dungeon, and saw 5 of its levels.

You collected 334 gold pieces.


Innate Abilities, Weirdness & Mutations

You cannot wear most types of armour.
You are amphibious.
You can wear up to eight rings at the same time.
Your skin changes colour to match your surroundings (Stealth+).
Your rubbery body absorbs attacks. (AC +1, EV +1)
((You are camouflaged when in or above water. (Stealth+)))
You have tentacles for arms and can constrict up to eight enemies at once.


   Skills:
 + Level 4.4 Fighting
 * Level 8.2 Long Blades
 - Level 2.0 Throwing
 + Level 6.0 Dodging


You had 7 spell levels left.
You didn't know any spells.
Your spell library contained the following spells:

 Spells                   Type           Power      Damage    Failure   Level
 Apportation              Tloc           0%         N/A       36%         1
 Necrotise                Necr           0%         1d4       36%         1
 Summon Small Mammal      Summ           0%         N/A       36%         1

Inventory:

Hand Weapons
 a - a +1 long sword (weapon)
Missiles
 d - 5 javelins (quivered)
Armour
 b - a +0 hat (worn)
Jewellery
 h - a ring of see invisible (left tentacle)
   (You found it on level 2 of the Dungeon)
 m - a ring of willpower (right tentacle)
   (You found it on level 3 of the Dungeon)
 p - an amulet of reflection (around mantle)
   (You found it on level 3 of the Dungeon)
 t - an amulet of guardian spirit
   (You found it on level 4 of the Dungeon)
 A - a +4 ring of protection (on tentacle)
   (You found it on level 5 of the Dungeon)
Scrolls
 l - a scroll of immolation
 r - a scroll of teleportation
 u - a scroll of brand weapon {unknown}
 v - a scroll of fog {unknown}
 w - a scroll of acquirement {unknown}
 y - a scroll of torment {unknown}
 B - 3 scrolls of blinking
Potions
 e - 2 potions of curing
 f - 2 potions of flight
 i - a potion of brilliance {unknown}
 j - a potion of haste {unknown}
 k - 2 potions of magic
 n - 2 potions of mutation
 o - a potion of might {unknown}
 q - 2 potions of attraction {unknown}
 x - 2 potions of heal wounds {unknown}
 z - a potion of resistance
 C - a potion of invisibility {unknown}

Dungeon Overview and Level Annotations

Branches:
Dungeon (5/15) Zot: 24592
 Temple: D:4-7

Altars:
Makhleb
Okawaru
The Shining One

Shops:
D:1

( .........'>.........##.#
##########..........##.###
..#...(..................#
..................>.##.#.#
..#.##.####.##......##.#.#
..#.##.#
#..#โ‰ˆ....P##.#.###
..#.##.# ##.#~P.[P.##.#...#
.##.##.#####.##~D^P.##.#[###
..............#.@^.###.#.#
....##.######.#~.PP# #.#.#
.#####.######.#PยงP####.#.#
.# #........#P.~#....#.#
############.##..~#.####.#
..........##.##~..#.# #.#
#######....โ€ .###..#.####.#
#....#.#### #..#...โ€ ..# #
##.####.# #~.########


You could see a steam dragon.


Message History

You completely miss the centaur. Your squeeze misses the centaur.
The adder hisses angrily.
The centaur hits you. The centaur kicks you. ๐Ÿ˜ฎ HP[-2]
You take 2 damage, and now have 35/54 hp.
You hit the centaur.
You squeeze the centaur, but do no damage.
The centaur hits you. The centaur completely misses you.
The centaur misses you. x2 ๐Ÿ˜ฎ HP[-3]
You take 3 damage, and now have 32/54 hp.
Unknown command.
You hit the centaur but do no damage. The centaur closely misses you.
The centaur kicks you. ๐Ÿ˜ฎ HP[-2]
You take 2 damage, and now have 30/54 hp.
You completely miss the centaur. You squeeze the centaur.
You kill the centaur!
Your Dodging skill increases to level 6! ๐Ÿ˜ฎ HP[+1]
You block the adder's attack. The adder barely misses you.
Things that are here:
a +0 shortbow; a centaur corpse Unknown command.
You hit the adder. Your grab misses the adder. The adder completely misses you.
You slash the adder! Your grab misses the adder.
The adder barely misses you. ๐Ÿ˜ฎ HP[+1] Unknown command.
You closely miss the adder. You grab the adder. You squeeze the adder.
You kill the adder!
You see here an adder corpse.
There is an open door here. ๐Ÿ˜ฎ HP[+1]
Press: ? - help, . - travel You can't see that place. [the floor.] Reduced exclusion size to a single square.
Removed exclusion.
Key pressed, stopping explore.
There is an open door here.
You enter the deep water.
There is a shaft here.
Done exploring. ๐Ÿ˜Ž HP[+21]
Your hp is fully restored (54).
Done exploring.
Done exploring.
Okay, then.
As you read the scroll of identify, it crumbles to dust.
g - 2 potions of degeneration
As you read the scroll of identify, it crumbles to dust.
n - 2 potions of mutation
As you read the scroll of identify, it crumbles to dust.
k - 2 potions of magic
As you read the scroll of identify, it crumbles to dust.
z - a potion of resistance
A - a +4 ring of protection (on tentacle)
You drop 2 potions of degeneration.
You enter the shallow water.
The steam dragon hisses angrily.
You can't go down here!
Unknown command.
The steam dragon breathes steam at you.
The ball of steam hits you! ๐Ÿ˜• HP[-13]
You take 13 damage, and now have 41/54 hp.
MASSIVE DAMAGE!! (PAUSE)
You barely miss the steam dragon. You squeeze the steam dragon!
You are engulfed in a cloud of scalding steam.
The fungus is engulfed in a cloud of scalding steam.
The fungus begins to die.
The fungus is engulfed in a cloud of scalding steam.
The fungus begins to die.
The steam dragon bites you but does no damage.
The steam dragon barely misses you. ๐Ÿ˜ฎ HP[-4]
You take 4 damage, and now have 37/54 hp.
You slash the steam dragon!
You are engulfed in a cloud of scalding steam.
* * * LOW HITPOINT WARNING * * *
The fungus is engulfed in a cloud of scalding steam. x2
The fungus begins to die.
The fungus is engulfed in a cloud of scalding steam.
The steam dragon barely misses you. x2 ๐Ÿ˜จ HP[-12]
You take 12 damage, and now have 25/54 hp.
MASSIVE DAMAGE!! (PAUSE)
You closely miss the steam dragon.
You are engulfed in a cloud of scalding steam.
* * * LOW HITPOINT WARNING * * *
The fungus is engulfed in a cloud of scalding steam.
The steam dragon bites you.
* * * LOW HITPOINT WARNING * * *
The steam dragon claws you but does no damage. ๐Ÿ˜ฑ HP[-13]
You take 13 damage, and now have 12/54 hp.
MASSIVE DAMAGE!! (PAUSE)
You closely miss the steam dragon.
You are engulfed in a cloud of scalding steam.
You die...

Skill      XL: |  1  2  3  4  5  6  7  8 |
---------------+-------------------------+-----
Long Blades    | 4 5 6 7 8 |  8.2
Dodging        | 4 5 6 |  6.0
Fighting       | 3 4 |  4.4
Throwing       | |  2.0

Action                     |  1- 3 |  4- 6 |  7- 9 || total
---------------------------+-------+-------+-------++-------
  Melee: Long sword        |    67 |    99 |    66 ||   232
         Constrict         |    20 |    25 |    10 ||    55
         Tentacles         |    11 |    18 |    22 ||    51
         Punch             |     1 |       |     2 ||     3
  Throw: Throwing net      |       |     3 |     3 ||     6
         Javelin           |       |     1 |       ||     1
    Use: Scroll            |     3 |     4 |     4 ||    11
         Potion            |       |     1 |       ||     1
   Stab: Sleeping          |     7 |     4 |       ||    11
         Held in net/web   |       |     1 |     1 ||     2
 Armour: Skin              |     7 |     4 |     4 ||    15
  Dodge: Dodged            |    35 |    58 |    40 ||   133
  Block: Other             |       |     9 |    13 ||    22

Levels and vault maps discovered:
D:1:      dpeg_arrival_tiny_b, layout_loops_ring, serial_co_window_serial,
          co_window_paths_a, co_window_paths_b, co_window_of_opportunity_a,
          co_window_of_opportunity_a, co_window_paths_b,
          co_window_unsneaky_path_b, co_window_broadway_b, co_window_corner_ca,
          co_window_2corner, co_window_cross_2, co_window_corner_cb,
          co_window_paths_e, co_window_paths_d, glass_columns_b,
          glass_columns_a, glass_columns_b, glass_columns_a, serial_shops, shop,
          palyth_stone_intersect
D:2:      layout_basic, hellmonk_ecumenical_altar_defaced_shrine
D:3:      layout_loops_cross, lemuel_doored_altar, nicolae_overflow_squiral
D:4:      layout_basic
D:5:      kennysheep_steamy, layout_basic

Notes
Turn   | Place    | Note
-------+----------+-------------------------------------------
     0 | D:1      | ytrimaz the Octopode Gladiator began the quest for the Orb.
     0 | D:1      | Reached XP level 1. HP: 14/14 MP: 1/1
     0 | D:1      | magus.rc [v1.9.6]
    75 | D:1      | Found Erghonufu's Antique Weapon Boutique.
   287 | D:1      | Reached XP level 2. HP: 19/19 MP: 2/2
   665 | D:1      | Reached XP level 3. HP: 23/24 MP: 3/3
  1190 | D:2      | HP: 6/24 [worm (8)]
  1194 | D:2      | Reached skill level 4 in Long Blades
  1787 | D:2      | Reached XP level 4. HP: 29/29 MP: 4/4
  1820 | D:2      | Found a faded altar of an unknown god.
  2490 | D:3      | Found an iron altar of Okawaru.
  2512 | D:3      | Reached skill level 4 in Dodging
  2512 | D:3      | Reached XP level 5. HP: 26/34 MP: 5/5
  2515 | D:3      | Reached skill level 5 in Long Blades
  2520 | D:3      | HP: 7/34 [gnoll/+0 whip (2)]
  2768 | D:3      | Found a glowing golden altar of the Shining One.
  2770 | D:3      | Found a burning altar of Makhleb.
  3320 | D:4      | Noticed an ogre
  3329 | D:4      | Killed an ogre
  3330 | D:4      | Reached XP level 6. HP: 34/39 MP: 6/6
  3636 | D:4      | Identified the +3 ring mail of the Sun {-Cast Rampage rC++
                  | Stlth+}
  3817 | D:4      | Identified the +7 hand axe of the Tired Moons {freeze,
                  | rElec rC+ Str-3 SInv}
  4041 | D:4      | You pick up a book of Cantrips and begin reading...
  4041 | D:4      | You add the spells Necrotise, Summon Small Mammal and
                  | Apportation to your library.
  4059 | D:4      | HP: 2/39 [ogre/+0 giant club (14)]
  4088 | D:4      | Reached skill level 6 in Long Blades
  4254 | D:5      | Entered Level 5 of the Dungeon
  4259 | D:5      | Reached XP level 7. HP: 45/45 MP: 7/7
  4299 | D:5      | Reached skill level 5 in Dodging
  4459 | D:5      | Reached skill level 3 in Fighting
  4555 | D:5      | Reached skill level 7 in Long Blades
  4643 | D:5      | Reached XP level 8. HP: 54/54 MP: 8/8
  5016 | D:5      | Reached skill level 4 in Fighting
  5247 | D:5      | Reached skill level 8 in Long Blades
  5263 | D:5      | Reached skill level 6 in Dodging
  5378 | D:5      | HP: 12/54 [steam dragon (6)]
  5379 | D:5      | Engulfed by a steam dragon's steam

Vanquished Creatures
  A steam dragon (D:5)
  A water moccasin (D:5)
  A black bear (D:5)
  5 ogres
  A centaur (D:5)
  2 phantoms (D:5)
  A bullfrog (D:5)
  An orc priest (D:3)
  An iguana (D:5)
  5 adders
  4 gnolls (D:3)
  A shadow imp (D:5)
  An ufetubus (D:5)
  4 worms
  14 orcs
  9 endoplasms
  8 goblins
  10 hobgoblins
  7 jackals
  8 kobolds
  2 quokkas
  A ball python (D:4)
  4 bats
  4 frilled lizards
  2 rats
98 creatures vanquished.

Vanquished Creatures (others)
  16 fungi (D:5)
16 creatures vanquished.

Grand Total: 114 creatures vanquished

Table legend:
 A = Non-vault XP
 B = Vault XP
 C = Vault XP percentage of total XP
 D = Non-vault monster count
 E = Vault monster count
 F = Vault count percentage of total count
                 A         B        C        D         E       F
            +---------+---------+-------+---------+---------+-------
      Total |    1644 |     196 |  10.7 |      94 |       4 |   4.1
            +---------+---------+-------+---------+---------+-------
        D:1 |      46 |       0 |   0.0 |      26 |       0 |   0.0
        D:2 |      43 |       9 |  17.3 |      11 |       3 |  21.4
        D:3 |     141 |       0 |   0.0 |      25 |       0 |   0.0
        D:4 |     280 |       0 |   0.0 |      17 |       0 |   0.0
        D:5 |    1134 |     187 |  14.2 |      15 |       1 |   6.2
            +---------+---------+-------+---------+---------+-------

Skill      XL: |  1  2  3  4  5  6  7  8 |
---------------+-------------------------+-----
Long Blades    | 4 5 6 7 8 |  8.2
Dodging        | 4 5 6 |  6.0
Fighting       | 3 4 |  4.4
Throwing       | |  2.0

Action                     |  1- 3 |  4- 6 |  7- 9 || total
---------------------------+-------+-------+-------++-------
  Melee: Long sword        |    67 |    99 |    66 ||   232
         Constrict         |    20 |    25 |    10 ||    55
         Tentacles         |    11 |    18 |    22 ||    51
         Punch             |     1 |       |     2 ||     3
  Throw: Throwing net      |       |     3 |     3 ||     6
         Javelin           |       |     1 |       ||     1
    Use: Scroll            |     3 |     4 |     4 ||    11
         Potion            |       |     1 |       ||     1
   Stab: Sleeping          |     7 |     4 |       ||    11
         Held in net/web   |       |     1 |     1 ||     2
 Armour: Skin              |     7 |     4 |     4 ||    15
  Dodge: Dodged            |    35 |    58 |    40 ||   133
  Block: Other             |       |     9 |    13 ||    22

Illustrated notes

Table legend:
 A = Kills in this place as a percentage of kills in the entire game.
 B = Kills by you in this place as a percentage of kills by you in the entire game.
 C = Kills by friends in this place as a percentage of kills by friends in the entire game.
 D = Other kills in this place as a percentage of other kills in the entire game.
 E = Experience gained in this place as a percentage of experience gained in the entire game.
 F = Experience gained in this place divided by the number of levels of this place that you have seen.
                   A       B       C       D       E      F
               +-------+-------+-------+-------+-------+----------------------
         Total | 100.0 | 100.0 |   N/A |   N/A | 100.0 | 368.0
       Dungeon | 100.0 | 100.0 |   N/A |   N/A | 100.0 | 368.0
               +-------+-------+-------+-------+-------+----------------------

Table legend: (Time is in decaauts)
 A = Elapsed time spent in this place.
 B = Non-inter-level travel time spent in this place.
 C = Inter-level travel time spent in this place.
 D = Time resting spent in this place.
 E = Time spent auto-exploring this place.
 F = Levels seen in this place.
 G = Mean time per level.
                   A        B        C        D        E       F      G
               +--------+--------+--------+--------+--------+-----+--------+
         Total |   5407 |   5238 |    169 |    258 |   4100 |   5 | 1081.4 |
       Dungeon |   5407 |   5238 |    169 |    258 |   4100 |   5 | 1081.4 |
               +--------+--------+--------+--------+--------+-----+--------+

Top non-repeatable levels by time:
     D:2: 1159 daAuts
     D:1: 1127 daAuts
     D:5: 1126 daAuts
     D:4: 1025 daAuts
     D:3: 967 daAuts
